 Dungeon Crawl Stone Soup version 0.30-a0-1075-gcd70e7a56d (webtiles) character file.

Game seed: 16297257378933324948

191 LustLizard the Gusty (level 5, 0/29 HPs)
             Began as a Deep Elf Air Elementalist on Apr 14, 2023.
             Was an Initiate of Hepliaklqana.
             Slain by a water moccasin (8 damage)
             ... on level 5 of the Dungeon.
             The game lasted 00:07:34 (4650 turns).

LustLizard the Gusty (Deep Elf Air Elementalist)    Turns: 4650, Time: 00:07:35

Health: 0/29       AC:  2    Str:  7    XL:     5   Next: 42%
Magic:  8/13       EV: 12    Int: 20    God:    Hepliaklqana [......]
Gold:   130        SH:  0    Dex: 15    Spells: 6/12 levels left

rFire   . . .      SeeInvis .    c - staff of earth
rCold   . . .      Faith    .    (no shield)
rNeg    . . .      Spirit   .    a - +0 robe
rPois   +          Reflect  .    (no helmet)
rElec   .          Rampage  .    (no cloak)
rCorr   .                        (no gloves)
Will    .....                    (no boots)
Stlth   ++                       (no amulet)
HPRegen 0.24/turn                f - ring of poison resistance
MPRegen 0.13/turn                (no ring)

@: no status effects
A: no striking features
a: Renounce Religion


You were on level 5 of the Dungeon.
You worshipped Hepliaklqana.
Hepliaklqana was noncommittal.
You visited 2 branches of the dungeon, and saw 6 of its levels.

You collected 298 gold pieces.
You spent 168 gold pieces at shops.

Inventory:

Armour
 a - a +0 robe (worn)
 l - a +0 leather armour
Magical Staves
 c - a staff of earth (weapon)
Jewellery
 f - a ring of poison resistance (left hand)
Scrolls
 d - 4 scrolls of identify
 g - a scroll of enchant armour {unknown}
 h - 2 scrolls of amnesia
 i - 2 scrolls of immolation {unknown}
 k - a scroll of teleportation
 m - a scroll of brand weapon
 o - a scroll of fog {unknown}
 p - a scroll of butterflies {unknown}
 q - a scroll of fear {unknown}
Potions
 b - a potion of magic
 e - 3 potions of curing
 j - a potion of ambrosia
 n - a potion of might
 r - a potion of lignification {unknown}


   Skills:
 + Level 1.3 Fighting
 - Level 2.4 Dodging
 + Level 3.5 Stealth
 + Level 4.0 Spellcasting
 * Level 3.2 Conjurations
 * Level 4.1 Air Magic


You had 6 spell levels left.
You knew the following spells:

 Your Spells              Type           Power      Damage    Failure   Level
a - Shock                 Conj/Air       72%        1d7       2%          1
b - Static Discharge      Conj/Air       36%        2-4/arc   4%          2
c - Swiftness             Air            20%        N/A       7%          3

Your spell library contained the following spells:

 Spells                   Type           Power      Damage    Failure   Level
 Cigotuvi's Dreadful Rot  Necr/Pois/Air  18%        N/A       11%         2
 Airstrike                Air            10%        2d(2-18)  22%         4
 Ozocubu's Armour         Ice            4%         N/A       36%         3
 Dispel Undead            Necr           4%         3d7       77%         4
 Summon Forest            Summ/Tloc      2%         N/A       98%         5
 Death Channel            Necr           2%         N/A       100%        6
 Eringya's Noxious Bog    Tmut/Pois      2%         N/A       100%        6
 Ozocubu's Refrigeration  Ice            2%         4d7       100%        7
 Summon Hydra             Summ           2%         N/A       100%        7


Dungeon Overview and Level Annotations

Branches:
Dungeon (5/15)             Temple (1/1) D:4

Altars:
Ashenzari
Cheibriados
Dithmenos
Elyvilon
Fedhas
Gozag
Hepliaklqana
Kikubaaqudgha
Makhleb
Okawaru
Qazlal
Ru
Sif Muna
Wu Jian
Yredelemnul
Zin
The Shining One

Shops:
D:1 ?

Annotations:
D:4 Dowan, Duvessa


Message History

There is an escape hatch in the floor here.
You see here 7 stones.
You see here 7 stones.
You see here 4 javelins.
You see here 4 javelins.
Partly explored, can't reach some places.
There is a stone staircase leading down here.
You climb downwards.
There is a stone staircase leading up here.
You climb upwards.
Level annotation: Dowan, Duvessa
There is a stone staircase leading down here.
There is a stone staircase leading down here.
You climb downwards.
Found a lumpy blue potion.
There is a stone staircase leading up here.
The zap hits the water moccasin.
The water moccasin is moderately wounded.
The water moccasin hisses angrily.
You hear an angry hiss.
An adder comes into view.
The water moccasin bites you.
Casting: Shock (safe; 2% risk of failure)
Confirm with . or Enter, or press ? or * to list all spells.
The water moccasin is struck by an arc of lightning.
The water moccasin is moderately wounded.
You are struck by an arc of lightning.
The water moccasin is struck by an arc of lightning.
The water moccasin is heavily wounded.
You are struck by an arc of lightning.
The lightning grounds out.
The water moccasin bites you!
Casting: Static Discharge (safe; 4% risk of failure)
Confirm with . or Enter, or press ? or * to list all spells.
The adder is struck by an arc of lightning.
The adder is moderately wounded.
You are struck by an arc of lightning.
* * * LOW HITPOINT WARNING * * *
The adder is struck by an arc of lightning.
The adder is severely wounded.
The lightning grounds out.
The water moccasin bites you!
You die...

##.#..##...
......#..
#.#.....
.####.#....
..........
#.......#
#..!....##.#
#.....@....#
#.....SS###...
#.......#
#........
###...####
#... #... ....


You could see a water moccasin and an adder.

Vanquished Creatures
  A scorpion (D:4)
  An orc wizard (D:4)
  2 adders
  A worm (D:2)
  A dart slug (D:2)
  3 orcs (D:4)
  9 ball pythons
  6 endoplasms
  4 giant cockroaches
  8 goblins
  9 hobgoblins
  7 jackals
  8 kobolds
  4 quokkas
  3 bats
  5 frilled lizards
  3 rats
75 creatures vanquished.

Vanquished Creatures (others)
  A fungus (D:3)
  A plant (D:4)
  5 toadstools (D:3)
7 creatures vanquished.

Grand Total: 82 creatures vanquished

Notes
Turn   | Place    | Note
-------+----------+-------------------------------------------
     0 | D:1      | LustLizard the Deep Elf Air Elementalist began the quest
                  | for the Orb.
     0 | D:1      | Reached XP level 1. HP: 10/10 MP: 6/6
   247 | D:1      | Found The Oracle's Delphic Readings.
   250 | D:1      | Reached XP level 2. HP: 15/15 MP: 5/8
   301 | D:1      | Bought a scroll of noise for 14 gold pieces
   529 | D:1      | Learned a level 2 spell: Static Discharge
  1269 | D:1      | Bought a scroll of identify for 28 gold pieces
  1455 | D:2      | Reached XP level 3. HP: 20/20 MP: 4/9
  1570 | D:2      | Found a faded altar of an unknown god.
  2532 | D:3      | Reached XP level 4. HP: 24/24 MP: 2/11
  2807 | D:1      | Bought a scroll of identify for 28 gold pieces
  2807 | D:1      | Bought a scroll of identify for 28 gold pieces
  2807 | D:1      | Bought a scroll of identify for 28 gold pieces
  2807 | D:1      | Bought a scroll of teleportation for 42 gold pieces
  3268 | D:3      | Learned a level 3 spell: Swiftness
  3322 | D:4      | Found a glowing silver altar of Zin.
  3414 | D:4      | Reached skill level 1 in Fighting
  3470 | D:4      | Found a staircase to the Ecumenical Temple.
  3484 | Temple   | Entered the Ecumenical Temple
  3654 | Temple   | Became a worshipper of Hepliaklqana the Forgotten
  3880 | D:4      | Noticed Duvessa
  3881 | D:4      | Noticed Dowan
  3970 | D:4      | Noticed a scorpion
  3974 | D:4      | Killed a scorpion
  3975 | D:4      | Reached XP level 5. HP: 22/29 MP: 6/12
  4189 | D:4      | Found a stormy altar of Qazlal.
  4625 | D:5      | Entered Level 5 of the Dungeon
  4625 | D:5      | Noticed an ogre
  4647 | D:5      | Noticed a water moccasin
  4650 | D:5      | Slain by a water moccasin

Illustrated notes

Levels and vault maps discovered:
D:1:      noname_arrival_rooms_in_the_neighbourhood, layout_loops_corners,
          nicolae_nh_oracle_at_delphi
D:2:      layout_basic, chequers_ecumenical_altar_island
D:3:      layout_rooms, corexii_shack, minmay_gold_behind_fungi
D:4:      layout_layer_cave, general_overflow_altar,
          mainiacjoe_overflow_concentric_impassable,
          minmay_temple_entry_gardened_gates, uniq_duvessa
D:5:      layout_loops_cross
Temple:   nicolae_temple_bog_church

Skill      XL: |  1  2  3  4  5 |
---------------+----------------+-----
Conjurations   | 2 3 |  3.2
Stealth        | 3 |  3.5
Fighting       | 1 |  1.3
Air Magic      | 4 |  4.1
Spellcasting   | 4 |  4.0
Dodging        | |  2.4

Action                     |  1- 3 |  4- 6 || total
---------------------------+-------+-------++-------
   Cast: Shock             |    97 |    61 ||   158
         Static Discharge  |     1 |     5 ||     6
    Use: Scroll            |     3 |     4 ||     7
 Armour: Robe              |     2 |     2 ||     4
  Dodge: Dodged            |    11 |     2 ||    13

Table legend: (Time is in decaauts)
 A = Elapsed time spent in this place.
 B = Non-inter-level travel time spent in this place.
 C = Inter-level travel time spent in this place.
 D = Time resting spent in this place.
 E = Time spent auto-exploring this place.
 F = Levels seen in this place.
 G = Mean time per level.
                   A        B        C        D        E       F      G
               +--------+--------+--------+--------+--------+-----+--------+
         Total |   4663 |   4223 |    440 |    239 |   3536 |   6 |  777.2 |
       Dungeon |   4475 |   4059 |    416 |    239 |   3389 |   5 |  895.0 |
        Temple |    187 |    163 |     24 |      0 |    146 |   1 |  187.0 |
               +--------+--------+--------+--------+--------+-----+--------+

Top non-repeatable levels by time:
     D:1: 1384 daAuts
     D:2: 1259 daAuts
     D:4: 1159 daAuts
     D:3: 667 daAuts
  Temple: 187 daAuts
     D:5: 4 daAuts
